 Dungeon Crawl Stone Soup version 0.32-a0-306-gfed3edf829 (webtiles) character file.

Game seed: 2810612770104950596

565 HC7 the Poker (level 7, -10/66 HPs)
             Began as a Troll Warper on Feb 14, 2024.
             Was a Follower of Sif Muna.
             Mangled by a gnoll
             ... wielding a +0 halberd
              (14 damage)
             ... on level 6 of the Dungeon.
             The game lasted 00:24:43 (3733 turns).

HC7 the Poker (Troll Warper)                        Turns: 3733, Time: 00:24:43

Health: -10/66     AC:  4    Str: 20    XL:     7   Next: 10%
Magic:  18/18      EV: 10    Int:  9    God:    Sif Muna [*.....]
Gold:   240        SH:  0    Dex: 11    Spells: 8/10 levels left

rFire   + . .        a - +0 spear (flame)
rCold   x . .        (no shield)
rNeg    . . .        b - +0 robe
rPois   .            (helmet restricted)
rElec   .            (no cloak)
rCorr   .            (gloves unavailable)
SInv    .            (boots unavailable)
Will    .....        (no amulet)
Stlth   +            i - ring of magical power
HPRegen 1.11/turn    n - ring of fire
MPRegen 0.16/turn

%: no passive effects
@: no status effects
A: large, unfitting armour, claws 3, regeneration 1, shaggy fur 1, tough skin 1
a: Renounce Religion, Channel Magic


You were on level 6 of the Dungeon.
You worshipped Sif Muna.
Sif Muna was aware of your devotion.
You visited 1 branch of the dungeon, and saw 8 of its levels.

You collected 240 gold pieces.

Inventory:

Hand Weapons
 a - a +0 spear of flaming (weapon)
 f - a +1 dagger of venom
 r - a +3 short sword of protection
Missiles
 d - 7 darts of dispersal
 l - 3 boomerangs (quivered)
 v - 3 atropa-tipped darts
 y - 5 javelins
Armour
 b - a +0 robe (worn)
Magical Staves
 g - a staff of cold
 k - a staff of air
 p - a staff of cold
 q - a staff of alchemy
Jewellery
 h - a ring of protection from cold
 i - a ring of magical power (left claw)
 n - a ring of fire (right claw)
Talismans
 t - a flux talisman
 w - a storm talisman
Wands
 s - a wand of roots (6)
Scrolls
 c - 4 scrolls of blinking
 e - a scroll of vulnerability
 j - a scroll of fear
 m - 2 scrolls of brand weapon
 o - a scroll of amnesia
 u - a scroll of poison
Potions
 x - a potion of lignification
 z - a potion of might {unknown}


   Skills:
 + Level 2.9 Fighting
 + Level 3.7 Polearms
 + Level 0.8 Throwing
 + Level 3.3 Dodging
 + Level 0.6 Stealth
 + Level 2.0 Spellcasting
 + Level 2.8 Translocations
 * Level 1.4 Shapeshifting


You had 8 spell levels left.
You knew the following spells:

 Your Spells              Type           Power      Damage    Failure   Level
a - Blink                 Tloc           10%        N/A       16%         2

Your spell library contained the following spells:

 Spells                   Type           Power      Damage    Failure   Level
 Lesser Beckoning         Tloc           10%        N/A       16%         2
 Teleport Other           Tloc           5%         N/A       32%         3
 Manifold Assault         Tloc           5%         N/A       71%         4
 Vhi's Electric Charge    Tloc/Air       6%         N/A       88%         4


Dungeon Overview and Level Annotations

Branches:
Dungeon (8/15)
 Temple: D:4-7         Lair: D:8-11

Altars:
Kikubaaqudgha
Ru
Sif Muna
Trog


Innate Abilities, Weirdness & Mutations

You are too large for most types of armour.
You have claws for hands.
Your natural rate of healing is unusually fast.
You are covered in fur. (AC +1)
You have tough skin. (AC +1)


Message History

The gnoll barely misses you. The hobgoblin hits you.
The kobold hits you but does no damage. The hound bites you.
As you read the scroll of teleportation, it crumbles to dust.
You feel strangely unstable.
The kobold brigand hits you with a +0 dagger.
The gnoll closely misses you. The hound bites you.
The hobgoblin hits you but does no damage.
The kobold barely misses you.
You hit the hobgoblin but do no damage. The hound barely misses you.
The hobgoblin hits you. The kobold hits you but does no damage.
The gnoll closely misses you. The hound bites you but does no damage.
You barely miss the hobgoblin.
The kobold brigand hits you with a +0 dagger.
* * * LOW HITPOINT WARNING * * *
The hobgoblin barely misses you. The gnoll hits you with a +0 club.
* * * LOW HITPOINT WARNING * * *
The kobold hits you but does no damage. The hound bites you.
* * * LOW HITPOINT WARNING * * *
The hound barely misses you.
The kobold brigand completely misses you.
The kobold hits you with a +0 club.
* * * LOW HITPOINT WARNING * * *
Okay, then.
The gnoll hits you with a +0 club.
* * * LOW HITPOINT WARNING * * *
The kobold brigand hits you but does no damage.
The hound closely misses you.
You closely miss the hound.
Your surroundings suddenly seem different. 2 gnolls come into view.
The gnoll shouts! x2
Found 22 gold pieces.
The gnoll hits you with a +0 halberd.
* * * LOW HITPOINT WARNING * * *
A gnoll comes into view. It is wielding a +0 spear.
The gnoll closely misses you.
Found a leather armour.
The gnoll attacks as it pursues you!
The gnoll hits you from afar with a +0 halberd.
* * * LOW HITPOINT WARNING * * *
The gnoll hits you from afar with a +0 halberd!
You die...

#.... #...
#.. #.#
#g# #.#
#g#
#.#####.##
#.@.....[.
#######.#.


You could see 2 gnolls.

Vanquished Creatures
  A centaur (D:6)
  A bullfrog (D:8)
  A hound (D:4)
  A bombardier beetle (D:4)
  3 orc priests
  Terence (D:2)
  A sleepcap (D:4)
  An iguana (D:5)
  Natasha (D:2)
  An orc wizard (D:4)
  2 white imps
  3 dart slugs
  A ribbon worm (D:4)
  8 orcs
  3 ball pythons
  8 bats
  6 endoplasms
  2 giant cockroaches (D:4)
  5 hobgoblins
  3 jackals (D:4)
  3 quokkas
  2 frilled lizards
  7 goblins
  2 kobolds (D:4)
  8 rats
75 creatures vanquished.

Notes
Turn   | Place    | Note
-------+----------+-------------------------------------------
     0 | D:1      | HC7 the Troll Warper began the quest for the Orb.
     0 | D:1      | Reached XP level 1. HP: 19/19 MP: 1/1
   328 | D:1      | Reached XP level 2. HP: 28/28 MP: 3/3
  1332 | D:2      | Noticed Terence
  1353 | D:2      | Killed Terence
  1354 | D:2      | Reached XP level 3. HP: 35/35 MP: 4/4
  1435 | D:2      | Noticed Natasha
  1442 | D:2      | Killed Natasha
  1443 | D:2      | Reached XP level 4. HP: 37/42 MP: 5/5
  1574 | D:2      | Found a sacrificial altar of Ru.
  1852 | D:3      | Found a shimmering blue altar of Sif Muna.
  1869 | D:3      | Became a worshipper of Sif Muna the Loreminder
  1921 | D:3      | Learned a level 2 spell: Blink
  1982 | D:3      | Found a faded altar of an unknown god.
  2505 | D:4      | Reached * piety under Sif Muna
  2527 | D:4      | Reached XP level 5. HP: 42/49 MP: 6/6
  2813 | D:4      | Reached XP level 6. HP: 59/59 MP: 7/7
  3086 | D:5      | Entered Level 5 of the Dungeon
  3180 | D:5      | Found a bloodstained altar of Trog.
  3272 | D:5      | You fall into a shaft and drop 3 floors!
  3384 | D:8      | Found an ancient bone altar of Kikubaaqudgha.
  3490 | D:8      | Reached skill level 1 in Shapeshifting
  3642 | D:7      | Noticed a water moccasin
  3654 | D:6      | Reached XP level 7. HP: 21/66 MP: 9/9
  3728 | D:6      | HP: 3/66 [gnoll/+0 halberd (6)]
  3733 | D:6      | Mangled by a gnoll

Illustrated notes

Levels and vault maps discovered:
D:1:      sevenhm_arrival_forest_fort_small_4, layout_loops_cross,
          serial_bayou_pond_d, minmay_misc_feat_iff, minivault_5
D:2:      layout_loops_corners, basic_altar, uniq_natasha, uniq_terence
D:3:      layout_rooms, hellmonk_sif_muna_bookshelves,
          dreamdust_ecumenical_altar_hidden_monk_grotto, corner_web_ring,
          item_on_display_a
D:4:      layout_rooms, serial_glass, glass_columns_a, glass_columns_b
D:5:      layout_loops_ring, mainiacjoe_overflow_paths, temple_doors_e,
          serial_shops, nicolae_shop_just_a_little_nook
D:6:      kennysheep_housing_project, layout_loops_ring, uniq_menkaure
D:7:      layout_basic, old_standard_altar, nicolae_overflow_hidden_temple,
          chequers_arboretum, uniq_joseph
D:8:      layout_loops_corners, kiku_gazebo_pond_becter,
          hangedman_decor_diamond_cutter

Skill      XL: |  1  2  3  4  5  6 |
---------------+-------------------+-----
Dodging        | 2 3 |  3.3
Fighting       | 2 |  2.9
Polearms       | 2 3 |  3.7
Spellcasting   | 2 |  2.0
Shapeshifting  | 1 |  1.4
Throwing       | |  0.8
Stealth        | |  0.6
Translocations | |  2.8

Action                     |  1- 3 |  4- 6 |  7- 9 || total
---------------------------+-------+-------+-------++-------
  Melee: Unarmed           |     5 |       |       ||     5
         Spear             |    49 |   290 |    12 ||   351
   Cast: Blink             |       |     2 |       ||     2
    Use: Scroll            |     7 |     3 |     1 ||    11
         Potion            |     3 |     2 |       ||     5
 Armour: Robe              |    40 |   183 |    39 ||   262
  Dodge: Dodged            |    45 |   116 |    27 ||   188

Table legend: (Time is in decaauts)
 A = Elapsed time spent in this place.
 B = Non-inter-level travel time spent in this place.
 C = Inter-level travel time spent in this place.
 D = Time resting spent in this place.
 E = Time spent auto-exploring this place.
 F = Levels seen in this place.
 G = Mean time per level.
                   A        B        C        D        E       F      G
               +--------+--------+--------+--------+--------+-----+--------+
         Total |   3723 |   3544 |    179 |      0 |   1946 |   8 |  465.4 |
       Dungeon |   3723 |   3544 |    179 |      0 |   1946 |   8 |  465.4 |
               +--------+--------+--------+--------+--------+-----+--------+

Top non-repeatable levels by time:
     D:2: 960 daAuts
     D:1: 847 daAuts
     D:4: 684 daAuts
     D:3: 593 daAuts
     D:8: 314 daAuts
     D:5: 184 daAuts
     D:6: 84 daAuts
     D:7: 55 daAuts
